 Dungeon Crawl Stone Soup version 0.31-a0-133-gaae73658be (webtiles) character file.

Game seed: 9391275419006569818

617064 rddays123 the Conqueror (level 26, -18/250 (266) HPs)
             Began as a Minotaur Fighter on June 2, 2023.
             Was a High Priest of Okawaru.
             Demolished by Seclemaloa the pandemonium lord (27 damage)
             ... on level 1 of the Realm of Zot on June 3, 2023.
             The game lasted 05:49:28 (73509 turns).

rddays123 the Conqueror (Minotaur Fighter)         Turns: 73509, Time: 05:49:29

HP:   -18/250 (266) AC: 42    Str: 37    XL:     26   Next: 92%
MP:   36/36         EV: 26    Int: 10    God:    Okawaru [*****.]
Gold: 8537          SH: 17    Dex: 13    Spells: 25/25 levels left

rFire   + . .        Z - +9 broad axe (freeze)
rCold   x . .        X - +3 kite shield {rN+}
rNeg    + . .        f - +6 crystal plate armour of the Ghostly God {rElec rPois Dex+2}
rPois   +            t - +2 hat of the Dwarven Hall {rC+ Str+2 Int+2 Slay+2}
rElec   +            k - +2 cloak {Stlth+}
rCorr   .            Y - +2 pair of gloves of Monotheism {Int+3}
SInv    .            y - +2 pair of boots {Stlth+}
Will    ++...        u - amulet "Ruff" {Will+ Regen+ Str+5} Stlth
                     o - ring of protection from fire
HPRegen 2.21/turn    Q - +5 ring of evasion
MPRegen 0.25/turn

%: no passive effects
@: agile, slowed, studying Maces & Flails, drained, very slow
A: horns 2, retaliatory headbutt, deformed body, dopey 1, regeneration 1, wild
magic 1, cold vulnerability 2
0: Orb of Zot
}: 3/15 runes: barnacled, silver, gossamer
a: Renounce Religion, Heroism, Finesse, Duel


You were on level 1 of the Realm of Zot.
You worshipped Okawaru.
Okawaru was extremely pleased with you.
You visited 11 branches of the dungeon, and saw 51 of its levels.
You visited the Abyss 1 time.
You visited 2 bazaars.
You also visited: Sewer.

You collected 11169 gold pieces.
You spent 2632 gold pieces at shops.

Inventory:

Hand Weapons
 x - a +2 antimagic demon trident
 H - a +6 broad axe of flaming
 O - a +4 demon whip of venom
 Z - a +9 broad axe of freezing (weapon)
Armour
 c - a +0 tower shield
 f - the +6 crystal plate armour of the Ghostly God (worn) {rElec rPois Dex+2}
   (Okawaru gifted it to you on level 5 of the Lair of Beasts)

   Dex:       It affects your dexterity (+2).
   rElec:     It insulates you from electricity.
   rPois:     It protects you from poison.
 k - a +2 cloak of stealth (worn)
 s - the +1 cloak of Wrong Decisions {+Inv}
   (Okawaru gifted it to you on level 4 of the Spider Nest)

   +Inv:      It lets you turn invisible.
 t - the +2 hat of the Dwarven Hall (worn) {rC+ Str+2 Int+2 Slay+2}
   (Okawaru gifted it to you on level 1 of the Elven Halls)

   Str:       It affects your strength (+2).
   Int:       It affects your intelligence (+2).
   Slay:      It affects your accuracy & damage with ranged weapons and melee
   (+2).
   rC:        It protects you from cold.
 v - the +4 pair of boots of the Bells {Str+2}
   (Okawaru gifted it to you on level 2 of the Shoals)

   Str:       It affects your strength (+2).
 w - the +2 hat "Juadedet" {rN+ Int+3}
   (Okawaru gifted it to you on level 1 of the Depths)

   Int:       It affects your intelligence (+3).
   rN:        It protects you from negative energy.
 y - a +2 pair of boots of stealth (worn)
 P - a +1 kite shield of reflection
 U - a +2 cloak of willpower
 X - a +3 kite shield of positive energy (worn)
 Y - the +2 pair of gloves of Monotheism (worn) {Int+3}
   (You found it on level 5 of the Vaults)

   Int:       It affects your intelligence (+3).
Jewellery
 b - a +4 ring of protection
 o - a ring of protection from fire (left hand)
 p - a +6 ring of strength
 q - a ring of resist corrosion
 u - the amulet "Ruff" (around neck) {Will+ Regen+ Str+5}
   (You found it on level 3 of the Elven Halls)

   [amulet of regeneration]

   Str:       It affects your strength (+5).
   Regen:     It increases your rate of health regeneration.
   Will:      It increases your willpower.
 A - a ring of protection from cold
 E - a ring of protection from fire
 G - the ring "Caabbol" {rPois rC+ Will- AC+4 Int+4}
   (You took it off a deep elf pyromancer on level 3 of the Elven Halls)

   [ring of protection]

   AC:        It affects your AC (+4).
   Int:       It affects your intelligence (+4).
   rC:        It protects you from cold.
   rPois:     It protects you from poison.
   Will:      It decreases your willpower.
 N - the ring "Neuxu" {rElec rCorr Str+6 Int+5 Stlth-}
   (You found it on level 5 of the Vaults)

   [ring of strength]

   Str:       It affects your strength (+6).
   Int:       It affects your intelligence (+5).
   rElec:     It insulates you from electricity.
   rCorr:     It protects you from acid and corrosion.
   Stlth:     It makes you less stealthy.
 Q - a +5 ring of evasion (right hand)
 R - a +6 ring of strength
 T - a ring of flight
Wands
 a - a wand of mindburst (22)
 D - a wand of flame (99)
 F - a wand of iceblast (44)
 M - a wand of light (20)
 S - a wand of digging (16)
Scrolls
 d - 2 scrolls of silence
 g - 15 scrolls of teleportation
 j - 9 scrolls of fear
 l - 10 scrolls of poison
 n - 4 scrolls of fog
 r - 3 scrolls of magic mapping
 B - a scroll of blinking
 K - a scroll of brand weapon
 W - a scroll of enchant armour
Potions
 e - 2 potions of cancellation
 h - a potion of resistance
 i - 3 potions of lignification
 m - 10 potions of curing
 z - 9 potions of enlightenment
 I - 10 potions of mutation
 V - 8 potions of berserk rage


   Skills:
 O Level 27 Fighting
 O Level 27 Axes
 - Level 23.6 Armour
 - Level 20.7 Dodging
 - Level 19.0 Shields
 + Level 20.8 Invocations
 - Level 5.3 Evocations


You had 25 spell levels left.
You didn't know any spells.
Your spell library contained the following spells:

 Spells                   Type           Power      Damage    Failure   Level
 Beastly Appendage        Tmut           0%         N/A       96%         1
 Kiss of Death            Conj/Necr      0%         2d5       96%         1
 Magic Dart               Conj           0%         1d3       96%         1
 Shock                    Conj/Air       0%         1d3       96%         1
 Blink                    Tloc           0%         N/A       99%         2
 Cigotuvi's Dreadful Rot  Necr/Pois/Air  0%         N/A       99%         2
 Lesser Beckoning         Tloc           0%         N/A       99%         2
 Momentum Strike          Conj/Tloc      0%         3d8       99%         2
 Poisonous Vapours        Pois/Air       0%         N/A       99%         2
 Scorch                   Fire           0%         2d5       99%         2
 Sublimation of Blood     Necr           0%         N/A       99%         2
 Wereblood                Tmut           0%         N/A       99%         2
 Confusing Touch          Hex            0%         N/A       100%        3
 Dazzling Flash           Conj/Hex       0%         N/A       100%        3
 Frozen Ramparts          Ice            0%         1d1       100%        3
 Gell's Gravitas          Tloc           0%         N/A       100%        3
 Hailstorm                Conj/Ice       0%         3d3       100%        3
 Ignite Poison            Fire/Tmut/Pois 0%         N/A       100%        3
 Mephitic Cloud           Conj/Pois/Air  0%         N/A       100%        3
 Portal Projectile        Hex/Tloc       0%         N/A       100%        3
 Spider Form              Tmut/Pois      0%         N/A       100%        3
 Swiftness                Air            0%         N/A       100%        3
 Teleport Other           Tloc           0%         N/A       100%        3
 Vampiric Draining        Necr           0%         2d6       100%        3
 Vhi's Electric Charge    Tloc/Air       0%         N/A       100%        3
 Volatile Blastmotes      Fire/Tloc      0%         2d10      100%        3
 Airstrike                Air            0%         2d(0-16)  100%        4
 Anguish                  Hex/Necr       0%         N/A       100%        4
 Cause Fear               Hex            0%         N/A       100%        4
 Dispel Undead            Necr           0%         3d6       100%        4
 Flame Wave               Conj/Fire      0%         2d4       100%        4
 Fulminant Prism          Conj/Hex       0%         3d5       100%        4
 Ice Form                 Ice/Tmut       0%         N/A       100%        4
 Iskenderun's Mystic Bla  Conj/Tloc      0%         2d3       100%        4
 Leda's Liquefaction      Hex/Erth       0%         N/A       100%        4
 Manifold Assault         Tloc           0%         N/A       100%        4
 Olgreb's Toxic Radiance  Pois           0%         N/A       100%        4
 Passage of Golubria      Tloc           0%         N/A       100%        4
 Petrify                  Tmut/Erth      0%         N/A       100%        4
 Agony                    Necr           0%         N/A       100%        5
 Alistair's Intoxication  Tmut/Pois      0%         N/A       100%        5
 Arcjolt                  Conj/Air       0%         1d10      100%        5
 Blade Hands              Tmut           0%         N/A       100%        5
 Borgnjor's Vile Clutch   Necr/Erth      0%         N/A       100%        5
 Freezing Cloud           Conj/Ice/Air   0%         6-21      100%        5
 Irradiate                Conj/Tmut      0%         3d11      100%        5
 Lee's Rapid Deconstruct  Erth           0%         3d4*      100%        5
 Silence                  Hex/Air        0%         N/A       100%        5
 Eringya's Noxious Bog    Tmut/Pois      0%         N/A       100%        6
 Leda's Unmaking          Conj/Erth      0%         9d1       100%        6
 Dragon Form              Tmut           0%         N/A       100%        7
 Enfeeble                 Hex            0%         N/A       100%        7
 Storm Form               Tmut/Air       0%         N/A       100%        7
 Borgnjor's Revivificati  Necr           0%         N/A       100%        8
 Discord                  Hex            0%         N/A       100%        8
 Ignition                 Fire           0%         3d3       100%        8
 Lehudib's Crystal Spear  Conj/Erth      0%         10d2      100%        8
 Maxwell's Capacitive Co  Air            0%         ∞         100%        8
 Necromutation            Tmut/Necr      0%         N/A       100%        8
 Death's Door             Necr           0%         N/A       100%        9
 Call Imp                 Summ           Unusable   N/A       N/A         2
 Call Canine Familiar     Summ           Unusable   N/A       N/A         3
 Tukima's Dance           Hex            Unusable   N/A       N/A         3
 Animate Armour           Summ/Erth      Unusable   N/A       N/A         4
 Summon Ice Beast         Ice/Summ       Unusable   N/A       N/A         4
 Summon Lightning Spire   Summ/Air       Unusable   N/A       N/A         4
 Death Channel            Necr           Unusable   N/A       N/A         6
 Simulacrum               Ice/Necr       Unusable   N/A       N/A         6
 Summon Cactus Giant      Summ           Unusable   N/A       N/A         6
 Haunt                    Necr/Summ      Unusable   N/A       N/A         7

Dungeon Overview and Level Annotations

Branches:
Dungeon (15/15)            Temple (1/1) D:4            Lair (5/5) D:9
 Shoals (4/4) Lair:3       Spider (4/4) Lair:2        Slime (0/5) Lair:5
    Orc (2/2) D:9             Elf (3/3) Orc:2        Vaults (5/5) D:13
  Crypt (3/3) Vaults:2       Tomb (0/3) Crypt:3      Depths (4/4) D:15
    Zot (5/5) Depths:4      Sewer (visited)

Altars:
Ashenzari
Cheibriados
Dithmenos
Elyvilon
Fedhas
Gozag
Hepliaklqana
Kikubaaqudgha
Makhleb
Nemelex Xobeh
Okawaru
Qazlal
Ru
Sif Muna
Trog
Uskayaw
Vehumet
Wu Jian
Xom
Yredelemnul
Zin
The Shining One
Jiyva

Shops:
D:4 :   Orc:2 *(*=   Elf:3 *   Depths:1 [

Portals:
Hell: Depths:1 Depths:2 Depths:3 Depths:4
Abyss: Depths:3 Depths:4
Pandemonium: Orc:2 Depths:2
Ziggurat: Depths:2
Trove: D:13 (give 6 scrolls of fear)

Annotations:
D:12 3 runed translucent doors, dracfodder's ghost, journeyman OgBe
Lair:5 exclusion: oklob plant
Vaults:4 2 transporters, exclusion: 2 lightning spires, Luiw's ghost, veteran HOBe
Zot:1 1 runed translucent door, Joggorr's ghost, veteran OgBe


Innate Abilities, Weirdness & Mutations

You have a pair of horns on your head.
You reflexively headbutt those who attack you in melee.
Armour fits poorly on your strangely shaped body.
You are dopey. (Int -2)
Your natural rate of healing is unusually fast.
Your spells are a little harder to cast, but a little more powerful.
You are very vulnerable to cold. (rC--)


Message History

Maucwa is engulfed in seething chaos.
Seclemaloa hits you!
* * * LOW HITPOINT WARNING * * *
You writhe in agony.
* * * LOW HITPOINT WARNING * * *
Maucwa is engulfed in seething chaos.
Maucwa is engulfed in seething chaos.
Maucwa goes berserk!
Maucwa rages.
Maucwa is engulfed in seething chaos.
Maucwa rages.
Seclemaloa fires a harpoon shot at you. The harpoon shot misses you.
Maucwa is engulfed in seething chaos.
Maucwa is moving more slowly.
The cacodemon is engulfed in seething chaos.
Maucwa is engulfed in seething chaos.
Maucwa suddenly stops moving!
Maucwa is engulfed in seething chaos.
Okay, then.
You feel better.
You are engulfed in seething chaos.
You suddenly lose the ability to move!
Seclemaloa hits you but does no damage.
You writhe in agony.
* * * LOW HITPOINT WARNING * * *
The shadow dragon is engulfed in seething chaos.
You are engulfed in seething chaos.
You feel yourself slow down. Seclemaloa hits you!!
* * * LOW HITPOINT WARNING * * *
You writhe in agony.
* * * LOW HITPOINT WARNING * * *
The cacodemon is engulfed in seething chaos.
The cacodemon seems to speed up.
Seclemaloa hits you.
* * * LOW HITPOINT WARNING * * *
You writhe in agony.
* * * LOW HITPOINT WARNING * * *
You can move again.
Seclemaloa attacks as you move away! You block Seclemaloa's attack. x2
The cacodemon is engulfed in seething chaos.
You block Seclemaloa's attack.
The shadow dragon is engulfed in seething chaos.
The cacodemon is engulfed in seething chaos.
You see here a +0 dire flail.
Seclemaloa attacks as you move away! Seclemaloa hits you!!
You die...

...........)...............#.####
(........)>).........#####.......
##########..########..# #..!....
#####...# ##.## #.......
#...###.## #..# #.#.####
#######...# #..## ##.###.#.#...
#....##...# ##..## #..##.#.#.##
#....##...# ##..# ##..#.#.#.#
#....##?..# ##@### ##.#.#.#.#
#....##...# #&##.## #.#.#.#.#
#....##...# #D###§###...#.#.##
#...)##...######§2§§.D...........
#)...##............§&....#...#.##
........#.#############D.#.###.#
#....##.#.# ##§#.# #.#
#######.#.##############2D.###.##
# #.#............[[§..D.24...


You could see Seclemaloa (clouds), a shadow dragon (summoned, fast) and a
cacodemon (berserk, fast, agile, resistant).

Vanquished Creatures
  4 dread liches
  5 ancient liches
  6 orbs of fire
  Sojobo (Crypt:2)
  The ghost of Foapeaxo the Slayer, a veteran HOMo of Beogh (Crypt:1)
  4 Killer Klowns (Zot:5)
  Parghit (Depths:3)
  Bai Suzhen (Crypt:1)
  Saint Roka (Depths:1)
  4 curse toes
  5 caustic shrikes
  Nikola (Shoals:4)
  Jory (Vaults:5)
  2 bone dragons
  10 golden dragons
  the Enchantress (Depths:1)
  3 electric golems
  25 tentacled monstrosities
  4 titans
  Rupert (Lair:4)
  5 liches
  Asterion (Depths:1)
  9 quicksilver dragons
  2 deep elf master archers (Elf:3)
  2 deep elf blademasters (Elf:3)
  27 Orb Guardians
  3 sphinxes (Vaults:4)
  3 ancient champions
  3 tentacled starspawn (Abyss:4)
  7 death cobs
  Polyphemus (Shoals:4)
  11 shadow dragons
  16 storm dragons
  Kirke (Shoals:2)
  5 tengu reavers
  5 fire giants
  A revenant (Crypt:3)
  Donald (Vaults:1)
  A draconian monk (Zot:2)
  5 frost giants
  7 draconian knights
  6 ghost moths
  6 draconian scorchers
  8 deep elf sorcerers
  A caustic shrike zombie (Crypt:3)
  3 iron dragons (Vaults:4)
  13 vault wardens
  7 emperor scorpions
  5 draconian shifters
  3 deep elf elementalists (Elf:3)
  5 draconian annihilators
  7 ghouls
  4 draconian stormcallers
  4 curse skulls
  3 spriggan defenders (Depths:1)
  A juggernaut zombie (Depths:1)
  4 orc warlords
  A caustic shrike skeleton (Vaults:4)
  12 ironbound preservers
  5 war gargoyles
  5 vampire knights
  14 very ugly things
  A formless jellyfish (Shoals:4)
  15 stone giants
  2 broodmothers (Spider:3)
  5 deep elf demonologists (Elf:3)
  17 green draconians
  5 ironbound thunderhulks
  13 black draconians
  11 deep elf annihilators
  6 yellow draconians
  16 red draconians
  A lorocyproca (Depths:2)
  9 white draconians
  4 purple draconians
  4 spark wasps
  9 dire elephants
  A starcursed mass (Abyss:4)
  8 deep elf death magi
  2 eidola
  4 ettins
  7 merfolk impalers
  7 deep elf high priests
  4 merfolk javelineers
  16 jiangshi
  Josephine (Lair:5)
  9 fire dragons
  2 quicksilver dragon zombies (Depths:1)
  11 yaktaur captains
  3 great orbs of eyes (Vaults:1)
  Fannar (Lair:1)
  6 entropy weavers
  13 ice dragons
  3 hydras
  A quicksilver dragon skeleton (Crypt:2)
  5 rakshasas
  32 vault guards
  3 ghost crabs (Vaults:4)
  2 jorogumos
  A juggernaut simulacrum (Depths:2)
  3 demonspawn (Orc:2)
  A spriggan skeleton (Vaults:4)
  9 ironbound frosthearts
  3 merfolk avatars
  11 centaur warriors
  3 ogre magi
  6 merfolk aquamancers
  4 spriggan air magi
  4 radroaches
  28 dancing weapons
  2 catoblepae
  An alligator snapping turtle (Shoals:4)
  6 two-headed ogres
  5 tengu warriors
  8 death scarabs (Spider:4)
  A satyr (Shoals:2)
  6 boulder beetles
  8 demonic crawlers
  6 deep troll earth magi
  5 deep troll shamans
  11 death yaks
  7 orc high priests
  3 hell hogs (Abyss:4)
  4 spriggan berserkers
  A death yak (shapeshifter) (Depths:1)
  8 vampire magi
  3 shock serpents (Vaults:4)
  3 soul eaters
  A sun demon (Orc:2)
  An emperor scorpion zombie (Crypt:1)
  11 deep elf knights
  A sun moth (Spider:3)
  2 titan skeletons (Crypt:3)
  10 hell knights
  A bunyip zombie (Crypt:1)
  2 wretched stars (Abyss:4)
  A spark wasp zombie (Depths:2)
  24 skeletal warriors
  A death drake (shapeshifter) (Depths:1)
  11 sea snakes
  5 skysharks
  9 iron trolls
  2 shadow wraiths (Vaults:4)
  2 flayed ghosts (Crypt:2)
  A sixfirhy (Orc:2)
  8 deep elf archers
  9 pharaoh ants
  A death drake (Vaults:4)
  34 deep trolls
  7 lindwurms
  3 large abominations (Abyss:4)
  Pikel (D:9)
  A bunyip skeleton (Crypt:1)
  10 orb spiders
  2 shadow dragon zombies
  2 glowing orange brains
  A spectral jorogumo (Spider:4)
  6 wizards
  3 bog bodies
  A harpy (shapeshifter) (D:15)
  An anaconda skeleton (Crypt:3)
  9 orc knights
  A stone giant zombie (D:15)
  2 broodmother zombies (Spider:4)
  8 steelbarb worms
  A lindwurm (shapeshifter) (Vaults:5)
  7 phantasmal warriors
  10 orc sorcerers
  27 deep elf zephyrmancers
  11 harpies
  15 ironbound convokers
  32 deep elf pyromancers
  8 necromancers
  14 wolf spiders
  A mana viper (Vaults:4)
  A faun (shapeshifter) (Vaults:4)
  16 manticores
  3 spectral wolf spiders (Spider:4)
  17 fauns
  27 ugly things
  8 cyclopes
  2 tengu skeletons
  An elephant (shapeshifter) (Vaults:5)
  A sphinx skeleton (Depths:1)
  2 rust devils (Depths:2)
  12 fire giant skeletons
  22 moths of wrath
  Joseph (D:7)
  A guardian serpent (shapeshifter) (Elf:1)
  A stone giant skeleton (Depths:1)
  3 black mambas
  12 elephants (Lair:5)
  17 vault sentinels
  A titan simulacrum (Vaults:4)
  A water nymph (shapeshifter) (Vaults:5)
  6 water nymphs (Shoals:4)
  10 merfolk sirens
  A storm dragon simulacrum (Vaults:4)
  A smoke demon (D:15)
  8 torpor snails
  A naga mage (Vaults:4)
  2 dire elephant skeletons
  7 gargoyles
  A spectral redback (Spider:4)
  A shock serpent skeleton (Crypt:2)
  A rime drake (Lair:4)
  A kobold demonologist (D:12)
  Maggie (D:9)
  An alligator snapping turtle skeleton (Crypt:3)
  A sea snake zombie (Crypt:2)
  20 cane toads
  3 freezing wraiths
  3 human zombies
  19 komodo dragons
  2 redback zombies (Spider:4)
  A yaktaur (shapeshifter) (Depths:1)
  29 yaktaurs
  An efreet (Zot:3)
  An ice devil (D:15)
  A hydra zombie (Crypt:1)
  3 harpy zombies
  An ancient zyme (Abyss:4)
  A red devil (Orc:2)
  A guardian mummy (Crypt:1)
  8 trolls
  2 harpy skeletons
  3 spectral jumping spiders (Spider:4)
  3 spectral tarantellas (Spider:4)
  6 meliai
  3 jumping spider zombies (Spider:4)
  15 hornets
  10 merfolk
  4 tyrant leeches (Lair:5)
  A shadow dragon simulacrum (Vaults:4)
  A spectral culicivora (Spider:4)
  A spriggan zombie (D:15)
  23 tarantellas
  10 wind drakes
  A hydra skeleton (Crypt:3)
  7 snapping turtles
  A raiju (shapeshifter) (D:14)
  10 dream sheep
  4 raiju
  13 blink frogs
  A frost giant simulacrum (Vaults:4)
  A culicivora zombie (Spider:4)
  15 slime creatures
  2 ettin zombies
  27 jumping spiders
  4 shadows
  23 culicivoras
  An ettin skeleton (Crypt:3)
  A stone giant simulacrum (Vaults:4)
  8 spriggans
  2 ynoxinuls
  12 wraiths
  5 air elementals
  8 yaks
  5 vampires (Crypt:3)
  8 fire dragon skeletons (Crypt:3)
  A wyvern (shapeshifter) (D:13)
  A naga simulacrum (Crypt:1)
  36 water elementals
  4 wyverns
  A black mamba skeleton (Crypt:3)
  8 humans (D:13)
  4 hogs (Shoals:2)
  20 fire elementals
  2 chaos spawn
  2 basilisks
  5 vampire mosquitoes (D:13)
  47 redbacks
  3 wargs (Orc:1)
  Menkaure (D:7)
  6 acid dragons
  A deep troll zombie (Crypt:2)
  11 water moccasins
  A naga zombie (Crypt:3)
  A cane toad zombie (Crypt:2)
  4 glowing shapeshifter skeletons
  An ogre skeleton (Vaults:4)
  A swamp worm (shapeshifter) (Depths:1)
  A black bear (shapeshifter) (Elf:3)
  3 black bears
  An ice beast (D:6)
  A sky beast (D:8)
  41 orc warriors
  9 ogres
  35 wolves
  4 lemures (D:9)
  4 centaurs
  3 kobold brigands
  A phantom (D:5)
  Blork the orc (D:4)
  15 bullfrogs
  6 small abominations
  A yaktaur zombie (Crypt:1)
  A gnoll sergeant (D:11)
  5 necrophages
  5 earth elementals
  12 scorpions
  A cyclops skeleton (Crypt:2)
  9 wights
  14 killer bees
  6 howler monkeys
  An electric eel (D:11)
  4 crimson imps (D:15)
  2 centaur zombies
  2 hounds
  3 jellies
  A gnoll bouda (D:9)
  26 orc priests
  Crazy Yiuf (D:6)
  An iron imp (D:5)
  3 human skeletons (Crypt:1)
  12 iguanas
  21 orc wizards
  A boggart skeleton (Crypt:1)
  5 mummies (Crypt:1)
  A howler monkey zombie (D:9)
  11 gnolls
  13 adders
  6 river rats (Sewer)
  A shadow imp (D:3)
  5 white imps
  3 ufetubi (D:4)
  An adder zombie (Crypt:1)
  5 worms
  3 dart slugs
  97 orcs
  12 ball pythons
  19 bats
  9 endoplasms
  9 giant cockroaches
  6 goblins
  8 hobgoblins
  8 jackals
  21 kobolds
  6 quokkas
  22 frilled lizards
  5 rats
  A spectral weapon (Depths:1)
2277 creatures vanquished.

Vanquished Creatures (others)
  A war gargoyle (Vaults:5)
  An ogre mage (Vaults:4)
  An ice dragon (Zot:2)
  A merfolk aquamancer (Shoals:4)
  A deep elf pyromancer (Elf:2)
  A water nymph (Shoals:4)
  An air elemental (Shoals:4)
  A human (D:13)
  A ball lightning (Vaults:4)
  A lurking horror (Abyss:3)
  4 starspawn tentacles (Abyss:4)
14 creatures vanquished.

Grand Total: 2291 creatures vanquished

Notes
Turn   | Place    | Note
-------+----------+-------------------------------------------
     0 | D:1      | rddays123 the Minotaur Fighter began the quest for the Orb.
     0 | D:1      | Reached XP level 1. HP: 19/19 MP: 0/0
    26 | D:1      | Reached XP level 2. HP: 26/27 MP: 1/1
   262 | D:1      | Found a faded altar of an unknown god.
   554 | D:1      | Reached XP level 3. HP: 30/33 MP: 2/2
   867 | D:2      | Reached XP level 4. HP: 40/40 MP: 3/3
  1261 | D:3      | Found a stormy altar of Qazlal.
  1629 | D:3      | Found a hide-covered altar of Uskayaw.
  1923 | D:4      | Reached XP level 5. HP: 44/47 MP: 4/4
  1950 | D:4      | Found a staircase to the Ecumenical Temple.
  1960 | D:4      | Reached skill level 5 in Fighting
  1973 | D:4      | Noticed Blork the orc
  1978 | Temple   | Entered the Ecumenical Temple
  2124 | Temple   | Became a worshipper of Warmaster Okawaru
  2140 | D:4      | Noticed a black bear
  2143 | D:4      | Killed Blork the orc
  2146 | D:4      | Killed a black bear
  2147 | D:4      | Reached skill level 5 in Axes
  2147 | D:4      | Reached XP level 6. HP: 46/57 MP: 5/5
  2205 | D:4      | Found Boko's Book Shoppe.
  2374 | D:4      | Noticed a hornet
  2386 | D:4      | Paralysed by a hornet for 2 turns
  2393 | D:4      | Killed a hornet
  2393 | D:4      | Reached * piety under Okawaru
  2394 | D:4      | Reached XP level 7. HP: 15/64 MP: 6/6
  2736 | D:5      | Entered Level 5 of the Dungeon
  2946 | D:5      | Reached ** piety under Okawaru
  3153 | D:5      | Found an ornate altar of the Wu Jian Council.
  3232 | D:5      | Reached XP level 8. HP: 71/74 MP: 7/7
  3522 | D:5      | Found a snail-covered altar of Cheibriados.
  3806 | D:6      | Reached *** piety under Okawaru
  3984 | D:6      | Found a glowing drain.
  3993 | Sewer    | Entered a sewer
  4431 | Sewer    | Reached skill level 10 in Fighting
  4754 | D:6      | Found a glowing golden altar of the Shining One.
  4934 | D:6      | Found a runed translucent door.
  4935 | D:6      | Noticed Crazy Yiuf
  4948 | D:6      | Killed Crazy Yiuf
  5140 | D:6      | Reached XP level 9. HP: 85/85 MP: 8/8
  5148 | D:7      | Reached skill level 10 in Axes
  5187 | D:7      | Noticed Joseph
  5379 | D:8      | Identified the +1 ring mail of the Apprentice {rN+}
  5838 | D:8      | Paralysed by a hornet for 3 turns
  5847 | D:8      | Paralysed by a hornet for 2 turns
  5857 | D:8      | Reached **** piety under Okawaru
  6279 | D:8      | Reached skill level 5 in Armour
  6537 | D:9      | Found a staircase to the Lair.
  6583 | D:9      | Noticed a troll
  6803 | D:9      | Found a basalt altar of Yredelemnul.
  6834 | D:9      | Found a staircase to the Orcish Mines.
  6845 | D:9      | Noticed Pikel
  6895 | D:9      | Killed Pikel
  7006 | D:9      | Noticed Maggie
  7044 | D:9      | Killed Maggie
  7045 | D:9      | Reached XP level 10. HP: 91/94 MP: 9/9
  7102 | D:9      | Reached skill level 1 in Invocations
  7670 | D:10     | Entered Level 10 of the Dungeon
  7678 | D:10     | Noticed a two-headed ogre
  7695 | D:10     | Killed a two-headed ogre
  7793 | D:10     | Reached ***** piety under Okawaru
  8833 | D:11     | Noticed a cyclops
  9154 | D:7      | Noticed Menkaure
  9159 | D:7      | Killed Menkaure
  9160 | D:7      | Reached skill level 5 in Invocations
  9182 | D:7      | Killed Joseph
  9519 | D:11     | Noticed a gargoyle
  9531 | D:11     | Killed a gargoyle
  9532 | D:11     | Reached XP level 11. HP: 55/101 MP: 13/13
  9923 | Lair:1   | Entered Level 1 of the Lair of Beasts
  9947 | Lair:1   | Received a gift from Okawaru
 10135 | Lair:1   | Identified the +0 crystal plate armour of the Maze {Contam
                  | Dex+4 Stlth+} (Okawaru gifted it to you on level 1 of the
                  | Lair of Beasts)
 10135 | Lair:1   | Received a gift from Okawaru
 10140 | Lair:1   | Noticed Fannar
 10345 | Orc:1    | Entered Level 1 of the Orcish Mines
 10412 | Orc:1    | Reached ****** piety under Okawaru
 10414 | Orc:1    | Reached skill level 5 in Shields
 10423 | Orc:1    | Noticed an orc warlord
 10778 | D:11     | Found a blossoming altar of Fedhas.
 11740 | D:12     | Found a runed translucent gate.
 11748 | D:12     | Found a runed translucent gate.
 11778 | D:12     | Found a runed translucent gate.
 11778 | D:12     | Noticed a deep elf knight
 11778 | D:12     | Noticed an orc knight
 11778 | D:12     | Noticed a tengu warrior
 11778 | D:12     | Noticed a merfolk impaler
 11778 | D:12     | Noticed a tengu warrior
 11779 | D:12     | Noticed a tengu warrior
 11779 | D:12     | Noticed an orc knight
 11779 | D:12     | Noticed dracfodder's ghost (journeyman OgBe)
 11794 | D:12     | Found an iron altar of Okawaru.
 12136 | D:12     | Reached skill level 10 in Armour
 12136 | D:12     | Reached XP level 12. HP: 50/107 MP: 16/16
 13268 | Lair:1   | Killed Fannar
 14114 | Lair:2   | Reached skill level 10 in Shields
 14153 | Lair:2   | Received a gift from Okawaru
 14548 | Lair:2   | Noticed a five-headed hydra
 14561 | Lair:2   | Killed a five-headed hydra
 14781 | Lair:2   | Found a hole to the Spider Nest.
 15019 | Lair:2   | Reached skill level 15 in Axes
 15212 | Lair:3   | Noticed a seven-headed hydra
 15237 | Lair:3   | Noticed a seven-headed hydra
 15246 | Lair:2   | Killed a seven-headed hydra
 15495 | Lair:3   | Killed a seven-headed hydra
 15984 | Lair:3   | Found a staircase to the Shoals.
 16092 | Lair:3   | Reached XP level 13. HP: 102/119 MP: 17/17
 16562 | Lair:3   | Identified a scroll of acquirement
 16562 | Lair:3   | Acquired a manual of Armour
 16931 | Lair:4   | Noticed Rupert
 17121 | Orc:1    | Killed an orc warlord
 17400 | Orc:2    | Entered Level 2 of the Orcish Mines
 17983 | Orc:2    | Found a staircase to the Elven Halls.
 17999 | Orc:2    | Received a gift from Okawaru
 18513 | Orc:2    | Paralysed by an orc sorcerer for 5 turns
 18874 | Orc:2    | Found Kepiobb's General Store.
 19056 | Orc:2    | Found Maxiott's General Store.
 19100 | Orc:2    | Bought a +2 pair of boots of stealth for 279 gold pieces
 19100 | Orc:2    | Bought a scroll of identify for 26 gold pieces
 20024 | Orc:2    | Received a gift from Okawaru
 20025 | Orc:2    | Reached XP level 14. HP: 127/133 MP: 20/20
 20039 | Orc:2    | Reached skill level 15 in Armour
 20337 | Orc:2    | Found Seawnusi's Antique Weapon Emporium.
 20337 | Orc:2    | Found Atietton's Jewellery Shoppe.
 20338 | Orc:2    | Found a one-way gate leading to the halls of Pandemonium.
 20492 | Orc:2    | Bought a +6 ring of strength for 648 gold pieces
 21238 | Lair:4   | Paralysed by Rupert for 3 turns
 21255 | Lair:4   | Killed Rupert
 21763 | Lair:5   | Entered Level 5 of the Lair of Beasts
 21876 | Lair:5   | Identified the +6 crystal plate armour of the Ghostly God
                  | {rElec rPois Dex+2} (Okawaru gifted it to you on level 5 of
                  | the Lair of Beasts)
 21876 | Lair:5   | Received a gift from Okawaru
 22036 | Lair:5   | Noticed Josephine
 22048 | Lair:5   | Killed Josephine
 22691 | Lair:5   | Found a runed translucent door.
 22886 | Lair:5   | Reached skill level 15 in Fighting
 22889 | Lair:5   | Identified the +0 scale mail "Wocut" {Int+5} (Okawaru
                  | gifted it to you on level 5 of the Lair of Beasts)
 22889 | Lair:5   | Received a gift from Okawaru
 23078 | Lair:5   | Found a viscous altar of Jiyva.
 23080 | Lair:5   | Found a staircase to the Slime Pits.
 23445 | D:13     | Reached XP level 15. HP: 141/141 MP: 21/21
 23461 | D:13     | Found a portal to a secret trove of treasure.
 24096 | D:13     | Found a gate to the Vaults.
 25228 | D:15     | Entered Level 15 of the Dungeon
 25436 | D:15     | Received a gift from Okawaru
 26007 | D:15     | Found a staircase to the Depths.
 26288 | D:15     | Gained mutation: Your spells are a little easier to cast,
                  | but a little less powerful. [a neqoxec]
 26290 | D:15     | Paralysed by an orc sorcerer for 4 turns
 26402 | D:15     | Found a shadowy altar of Dithmenos.
 26805 | Shoals:1 | Entered Level 1 of the Shoals
 27880 | Shoals:1 | Reached XP level 16. HP: 148/155 MP: 22/22
 27929 | Shoals:2 | Noticed Kirke
 27939 | Shoals:2 | Killed Kirke
 27940 | Shoals:2 | Reached skill level 10 in Invocations
 28061 | Shoals:2 | Identified the +4 pair of boots of the Bells {Str+2}
                  | (Okawaru gifted it to you on level 2 of the Shoals)
 28061 | Shoals:2 | Received a gift from Okawaru
 29403 | Shoals:4 | Entered Level 4 of the Shoals
 29819 | Shoals:4 | Paralysed by an air elemental for 1 turns
 30093 | Shoals:4 | Noticed Nikola
 30109 | Shoals:4 | Killed Nikola
 30139 | Shoals:4 | Noticed a storm dragon
 30140 | Shoals:4 | Noticed Polyphemus
 30191 | Shoals:3 | Killed a storm dragon
 30222 | Shoals:4 | Killed Polyphemus
 30222 | Shoals:4 | Identified the +1 troll leather armour "Cureqata" {rPois
                  | Will++ Regen+ Str+3} (Okawaru gifted it to you on level 4
                  | of the Shoals)
 30222 | Shoals:4 | Received a gift from Okawaru
 30328 | Shoals:4 | Identified the +8 glaive of Exhibitionism {freeze, rElec
                  | rN+ Str+4}
 30360 | Shoals:4 | Reached skill level 15 in Invocations
 30388 | Shoals:4 | Got a barnacled rune of Zot
 30392 | Shoals:4 | Identified the staff of earth "Luzxiy Irad" {rC+ Str+3
                  | Stlth+}
 30410 | Shoals:4 | Got the Directory of the Remoulded Nimbus
 30493 | Shoals:4 | Reached XP level 17. HP: 136/161 MP: 27/27
 30613 | Shoals:4 | Found a stormy altar of Qazlal.
 31094 | Spider:1 | Entered Level 1 of the Spider Nest
 32712 | Spider:2 | You fall into a shaft and drop 1 floor!
 33185 | Spider:2 | Received a gift from Okawaru
 35441 | Spider:4 | Entered Level 4 of the Spider Nest
 35488 | Spider:4 | Received a gift from Okawaru
 35678 | Spider:4 | Reached skill level 1 in Dodging
 35854 | Spider:4 | Reached XP level 18. HP: 137/180 MP: 28/28
 36141 | Spider:4 | Reached skill level 5 in Dodging
 36393 | Spider:4 | Identified the +1 cloak of Wrong Decisions {+Inv} (Okawaru
                  | gifted it to you on level 4 of the Spider Nest)
 36393 | Spider:4 | Received a gift from Okawaru
 37330 | Spider:4 | Got a gossamer rune of Zot
 37479 | Spider:4 | Reached skill level 10 in Dodging
 37728 | Elf:1    | Entered Level 1 of the Elven Halls
 38352 | Elf:1    | Identified the +2 hat of the Dwarven Hall {rC+ Str+2 Int+2
                  | Slay+2} (Okawaru gifted it to you on level 1 of the Elven
                  | Halls)
 38352 | Elf:1    | Received a gift from Okawaru
 38426 | Elf:1    | Got the Elucidation of Conjuration
 38601 | Elf:1    | You fall into a shaft and drop 1 floor!
 38817 | Elf:2    | Found a shimmering blue altar of Sif Muna.
 38843 | Elf:2    | Identified the +1 trident "Xibbauru" {holy, Will+}
 38937 | Elf:2    | Found a runed translucent gate.
 38938 | Elf:2    | Found a runed translucent gate.
 38939 | Elf:2    | Found a runed translucent gate.
 39622 | Elf:2    | Reached XP level 19. HP: 182/188 MP: 29/29
 39912 | Elf:3    | Entered Level 3 of the Elven Halls
 39975 | Elf:3    | Found Catzar's General Store.
 39979 | Elf:3    | Bought a scroll of teleportation for 42 gold pieces
 40117 | Elf:3    | Reached skill level 15 in Dodging
 40397 | Elf:3    | Identified the +6 broad axe of Guilt {flame, *Noise
                  | *Corrode +Blink Dex+7} (Okawaru gifted it to you on level 3
                  | of the Elven Halls)
 40397 | Elf:3    | Received a gift from Okawaru
 40511 | Elf:3    | Noticed a Brimstone Fiend
 41126 | Elf:3    | Identified the ring "Caabbol" {rPois rC+ Will- AC+4 Int+4}
 41151 | Elf:3    | Identified the +1 pearl dragon scales "Jialinno" {rN+
                  | Str+2}
 41215 | Elf:3    | Noticed a Tzitzimitl
 41228 | Elf:3    | Noticed a Tzitzimitl
 41493 | Elf:3    | Noticed a Brimstone Fiend
 41887 | Abyss:3  | Found a corrupted altar of Lugonu.
 41887 | Abyss:3  | Cast into level 3 of the Abyss (a deep elf demonologist)
 41945 | Abyss:3  | Found a corrupted altar of Lugonu.
 41948 | Abyss:3  | Paralysed by a great orb of eyes for 2 turns
 41978 | Abyss:3  | Lost intelligence.
 41997 | Abyss:3  | Paralysed by accursed screaming for 1 turns
 42169 | Abyss:4  | Reached skill level 15 in Shields
 42358 | Abyss:4  | Identified the -2 pair of gloves of Resourcefulness {Dex+4}
                  | (Okawaru gifted it to you on level 4 of the Abyss)
 42358 | Abyss:4  | Received a gift from Okawaru
 42466 | Elf:3    | Escaped the Abyss
 42741 | Elf:3    | Noticed a Tzitzimitl
 43142 | Elf:3    | Identified the staff of fire "Jecheir" {rF+ rN+ Will++}
 43157 | Elf:3    | Identified the staff of air "Ufroosh" {rElec rF+ Str+2}
 43175 | Elf:3    | Identified the amulet "Ruff" {Will+ Regen+ Str+5}
 43215 | Elf:3    | Got the Grimoire of Bread
 43225 | Elf:3    | Identified the staff of fire "Ewnoch" {rElec rF+ Str+3}
 43667 | Vaults:1 | Entered Level 1 of the Vaults
 44164 | Vaults:1 | Noticed Donald
 44171 | Vaults:1 | Killed Donald
 44263 | Vaults:1 | Reached XP level 20. HP: 198/198 MP: 30/30
 46073 | Vaults:2 | Identified the +1 tower shield of Luxiry {*Slow rF+ Int+4
                  | Stlth+} (Okawaru gifted it to you on level 2 of the Vaults)
 46073 | Vaults:2 | Received a gift from Okawaru
 46280 | Vaults:2 | Acquired 974 gold pieces
 46329 | Vaults:2 | Found a staircase to the Crypt.
 48506 | Vaults:4 | Identified the +4 sling of Ru's Scorn {flame, rElec Will+
                  | rCorr Dex+3}
 48575 | Vaults:4 | Noticed a bone dragon
 48597 | Vaults:4 | Killed a bone dragon
 48784 | Vaults:4 | Found a flickering gateway to a bazaar.
 48793 | Bazaar   | Entered a bazaar
 48793 | Bazaar   | Found Ummass's Antique Armour Emporium.
 48793 | Bazaar   | Found Fafiqios's Antique Weapon Shoppe.
 48793 | Bazaar   | Found Geabrag's Antique Armour Emporium.
 48795 | Bazaar   | Found Cemeb's Antique Weapon Shoppe.
 48821 | Bazaar   | Bought a glowing broad axe for 161 gold pieces
 48938 | Vaults:4 | Got the Catalogue of Spooky Secrets
 48999 | Vaults:4 | Got the Compendium of Filth
 49123 | Vaults:4 | Found a transporter.
 49126 | Vaults:4 | Found a bloodstained altar of Trog.
 49126 | Vaults:4 | Noticed Luiw's ghost (veteran HOBe)
 49132 | Vaults:4 | Found a transporter.
 49186 | Vaults:4 | Reached XP level 21. HP: 211/211 MP: 31/31
 49604 | Depths:1 | Entered Level 1 of the Depths
 49604 | Depths:1 | Noticed the Enchantress
 49627 | Depths:1 | Killed the Enchantress
 49628 | Depths:1 | Identified the +2 hat "Juadedet" {rN+ Int+3} (Okawaru
                  | gifted it to you on level 1 of the Depths)
 49628 | Depths:1 | Received a gift from Okawaru
 49825 | Depths:1 | Found a shimmering blue altar of Sif Muna.
 50109 | Depths:1 | Noticed Saint Roka
 50150 | Depths:1 | Killed Saint Roka
 50479 | Depths:1 | Found Reomamm's Antique Armour Emporium.
 50555 | Depths:1 | Noticed Asterion
 50577 | Depths:1 | Killed Asterion
 50609 | Depths:1 | Found a gateway to Hell.
 51177 | Depths:2 | Found a one-way gateway to a ziggurat.
 51333 | Depths:2 | Received a gift from Okawaru
 52060 | Depths:3 | Noticed Parghit
 52065 | Depths:3 | Killed Parghit
 52078 | Depths:3 | Found a one-way gate to the infinite horrors of the Abyss.
 52491 | Depths:3 | Found a flickering gateway to a bazaar.
 52503 | Bazaar   | Entered a bazaar
 52503 | Bazaar   | Found Suseaf's Antique Weapon Boutique.
 52503 | Bazaar   | Found Vituneg's Jewellery Shoppe.
 52503 | Bazaar   | Found Lyil's Distillery.
 52503 | Bazaar   | Found Nicsy's Distillery.
 52505 | Bazaar   | Found Plog's Antique Armour Shop.
 52535 | Bazaar   | Bought a potion of curing for 45 gold pieces
 52535 | Bazaar   | Bought a potion of curing for 45 gold pieces
 52535 | Bazaar   | Bought a potion of curing for 45 gold pieces
 52535 | Bazaar   | Bought a potion of curing for 45 gold pieces
 52535 | Bazaar   | Bought a potion of resistance for 150 gold pieces
 52535 | Bazaar   | Bought a potion of curing for 45 gold pieces
 52560 | Bazaar   | Bought a ring of protection from cold for 350 gold pieces
 52574 | Bazaar   | Bought 2 potions of invisibility for 144 gold pieces
 52574 | Bazaar   | Bought a potion of experience for 450 gold pieces
 52583 | Bazaar   | Reached XP level 22. HP: 226/226 MP: 32/32
 52595 | Bazaar   | Bought a shiny kite shield for 157 gold pieces
 52805 | Depths:3 | Acquired 797 gold pieces
 52912 | Depths:3 | Found a sacrificial altar of Ru.
 53160 | Depths:3 | Reached XP level 23. HP: 234/234 MP: 33/33
 53404 | Depths:3 | You fall into a shaft and drop 1 floor!
 53404 | Depths:4 | Entered Level 4 of the Depths
 53504 | Depths:4 | Found a transporter.
 53518 | Depths:4 | Found a transporter.
 53925 | Depths:4 | Identified the +1 hat of Negation {rCorr} (Okawaru gifted
                  | it to you on level 4 of the Depths)
 53925 | Depths:4 | Received a gift from Okawaru
 53991 | Depths:4 | Found a gate to the Realm of Zot.
 54009 | Depths:4 | Noticed a caustic shrike
 54009 | Depths:4 | Noticed a caustic shrike
 54010 | Depths:4 | Noticed a caustic shrike
 54010 | Depths:4 | Noticed a caustic shrike
 54015 | Depths:4 | Noticed a caustic shrike
 54269 | Depths:4 | Killed a caustic shrike
 54364 | Arena    | Entered the Arena
 54369 | Arena    | Killed a caustic shrike
 54388 | Depths:3 | Killed a caustic shrike
 54390 | Depths:3 | Killed a caustic shrike
 54392 | Depths:3 | Killed a caustic shrike
 55151 | Vaults:5 | Entered Level 5 of the Vaults
 55238 | Vaults:5 | Noticed an ancient lich
 55265 | Vaults:5 | Killed an ancient lich
 55541 | Vaults:4 | Received a gift from Okawaru
 55935 | Vaults:4 | Reached XP level 24. HP: 232/244 MP: 33/33
 56240 | Vaults:5 | Paralysed by a sphinx for 5 turns
 56476 | Vaults:4 | Identified the +1 crystal plate armour "Tempyoc" {Regen+
                  | Int-4 Dex+4 SInv} (Okawaru gifted it to you on level 4 of
                  | the Vaults)
 56476 | Vaults:4 | Received a gift from Okawaru
 56602 | Vaults:5 | Noticed Jory
 56613 | Vaults:5 | Killed Jory
 56783 | Vaults:5 | Identified the ring "Neuxu" {rElec rCorr Str+6 Int+5
                  | Stlth-}
 56856 | Vaults:5 | Identified the staff of death "Qeyr" {rN+ Will+}
 56858 | Vaults:5 | Identified the +6 scale mail of Qillygge {rC+ Will+ Str+2}
 57051 | Vaults:5 | Identified the +2 pair of gloves of Monotheism {Int+3}
 57195 | Vaults:5 | Identified the +3 dagger "Ziylot" {flame, Fly Str+4 Int+3}
 57286 | Vaults:5 | Got a silver rune of Zot
 57540 | Vaults:5 | Identified the +1 flail "Odetsom" {heavy, Str+2}
 57566 | Vaults:5 | Identified the staff of cold "Weejuik" {rC+ Will+ Int+2
                  | Stlth+}
 58007 | Zot:1    | Entered Level 1 of the Realm of Zot
 58183 | Zot:1    | Reached skill level 27 in Fighting
 58330 | Zot:1    | Found a runed translucent door.
 58331 | Zot:1    | Found a shimmering altar of Xom.
 58331 | Zot:1    | Noticed Joggorr's ghost (veteran OgBe)
 58816 | Zot:2    | Noticed an orb of fire
 59685 | Zot:2    | Gained mutation: You are weak. (Str -2) [an orb of fire]
 59690 | Zot:2    | Gained mutation: You are frail. (-10% HP) [an orb of fire]
 59693 | Zot:2    | Gained mutation: Your body sometimes deteriorates upon
                  | taking damage. [an orb of fire]
 60279 | Crypt:1  | Entered Level 1 of the Crypt
 60658 | Crypt:1  | Reached skill level 27 in Axes
 60721 | Crypt:1  | Found a runed translucent door.
 60721 | Crypt:1  | Found a shimmering altar of Xom.
 60721 | Crypt:1  | Noticed Foapeaxo's ghost (veteran HOMo)
 60917 | Crypt:1  | Noticed Bai Suzhen
 60929 | Crypt:1  | Killed Bai Suzhen
 61293 | Crypt:1  | Killed Foapeaxo's ghost
 61301 | Crypt:1  | Identified the +10 short sword "Luodod" {flame, *Corrode
                  | +Blink rPois Int-5}
 61469 | Crypt:2  | Received a gift from Okawaru
 61775 | Crypt:2  | Noticed Sojobo
 61790 | Crypt:2  | Killed Sojobo
 62524 | Crypt:3  | Entered Level 3 of the Crypt
 62617 | Crypt:3  | Received a gift from Okawaru
 63230 | Crypt:3  | Got the Elucidation of Wicked Spells
 63405 | Crypt:3  | Reached XP level 25. HP: 231/231 MP: 33/33
 63701 | Crypt:3  | Found a staircase to the Tomb.
 64214 | Crypt:3  | Found an ancient bone altar of Kikubaaqudgha.
 64216 | Crypt:3  | Noticed a dread lich
 64226 | Crypt:3  | Killed a dread lich
 64334 | Crypt:3  | Noticed an ancient lich
 64344 | Crypt:3  | Killed an ancient lich
 64370 | Crypt:3  | Noticed a dread lich
 64379 | Crypt:3  | Killed a dread lich
 65413 | Zot:2    | Gained mutation: Your body often deteriorates upon taking
                  | damage. [an orb of fire]
 65428 | Zot:2    | Gained mutation: You are very frail. (-20% HP) [an orb of
                  | fire]
 65429 | Zot:2    | Killed an orb of fire
 67943 | Zot:2    | Lost mutation: You are weak. (Str -2) [potion of mutation]
 67943 | Zot:2    | Lost mutation: You are very frail. (-20% HP) [potion of
                  | mutation]
 67943 | Zot:2    | Lost mutation: You are frail. (-10% HP) [potion of
                  | mutation]
 68672 | Zot:3    | Noticed an orb of fire
 68673 | Zot:3    | Noticed an orb of fire
 68677 | Zot:3    | Gained mutation: You are vulnerable to cold. (rC-) [an orb
                  | of fire]
 68687 | Zot:3    | Killed an orb of fire
 68691 | Zot:3    | Gained mutation: You do not regenerate when monsters are
                  | visible. [an orb of fire]
 68694 | Zot:3    | Killed an orb of fire
 68958 | Zot:3    | Lost mutation: You do not regenerate when monsters are
                  | visible. [potion of mutation]
 68958 | Zot:3    | Lost mutation: Your spells are a little easier to cast, but
                  | a little less powerful. [potion of mutation]
 68958 | Zot:3    | Lost mutation: Your body often deteriorates upon taking
                  | damage. [potion of mutation]
 68958 | Zot:3    | Gained mutation: Armour fits poorly on your strangely
                  | shaped body. [potion of mutation]
 68958 | Zot:3    | Gained mutation: You are very vulnerable to cold. (rC--)
                  | [potion of mutation]
 69525 | Zot:3    | Identified the +0 helmet of the Earth {Int+3}
 69723 | Zot:5    | Entered Level 5 of the Realm of Zot
 69764 | Zot:3    | Reached skill level 5 in Evocations
 69809 | Zot:4    | Reached XP level 26. HP: 266/266 MP: 33/33
 70548 | Zot:4    | Received a gift from Okawaru
 71755 | Zot:5    | Received a gift from Okawaru
 71786 | Zot:5    | Noticed a dread lich
 71814 | Zot:5    | Killed a dread lich
 71877 | Zot:5    | Noticed an orb of fire
 71878 | Zot:5    | Gained mutation: You are occasionally teleported next to
                  | monsters. [an orb of fire]
 71880 | Zot:5    | Gained mutation: You are clumsy. (Dex -2) [an orb of fire]
 71891 | Zot:5    | Killed an orb of fire
 71935 | Zot:4    | Lost mutation: You are occasionally teleported next to
                  | monsters. [potion of mutation]
 71935 | Zot:4    | Lost mutation: You are very vulnerable to cold. (rC--)
                  | [potion of mutation]
 71935 | Zot:4    | Lost mutation: Your body sometimes deteriorates upon taking
                  | damage. [potion of mutation]
 71935 | Zot:4    | Gained mutation: You are very vulnerable to cold. (rC--)
                  | [potion of mutation]
 71935 | Zot:4    | Gained mutation: Your spells are a little harder to cast,
                  | but a little more powerful. [potion of mutation]
 71935 | Zot:4    | Lost mutation: You are clumsy. (Dex -2) [potion of
                  | mutation]
 72095 | Zot:5    | Noticed an orb of fire
 72116 | Zot:5    | Killed an orb of fire
 72142 | Zot:5    | Noticed an ancient lich
 72150 | Zot:5    | Killed an ancient lich
 72235 | Zot:5    | Noticed a dread lich
 72249 | Zot:5    | Killed a dread lich
 72251 | Zot:5    | Received a gift from Okawaru
 72374 | Zot:5    | Received a gift from Okawaru
 72474 | Zot:5    | Noticed an orb of fire
 72490 | Zot:5    | Killed an orb of fire
 72492 | Zot:5    | Noticed an ancient lich
 72506 | Zot:5    | Killed an ancient lich
 72511 | Zot:5    | Noticed an ancient lich
 72514 | Zot:5    | Killed an ancient lich
 72524 | Zot:5    | Gained mutation: Your natural rate of healing is unusually
                  | fast. [mutagenic glow]
 72550 | Zot:5    | Gained mutation: You are dopey. (Int -2) [mutagenic glow]
 73172 | Zot:5    | Got the Orb of Zot
 73210 | Zot:5    | Noticed Becelif the pandemonium lord
 73433 | Zot:1    | Noticed Seclemaloa the pandemonium lord
 73490 | Zot:1    | Noticed Maucwa the pandemonium lord
 73505 | Zot:1    | Paralysed by you for 2 turns
 73506 | Zot:1    | HP: 10/250 [Seclemaloa the pandemonium lord (25)]
 73506 | Zot:1    | HP: 2/250 [Seclemaloa the pandemonium lord (4)]
 73509 | Zot:1    | Demolished by Seclemaloa the pandemonium lord

Illustrated notes

Levels and vault maps discovered:
D:1:      dpeg_arrival_simpleton_c, layout_basic, basic_ecumenical_altar
D:2:      layout_rooms
D:3:      layout_loops_cross, mainiacjoe_overflow_24_doors,
          mainiacjoe_overflow_brackets, serial_park_tiny_1,
          minmay_misc_feat_hallway
D:4:      layout_rooms, minmay_temple_entry_offerings, serial_shops, shop,
          uniq_blork_the_orc
D:5:      layout_basic, slow_altar_2, nzn_wu_jian_contemplation
D:6:      layout_cave_pools, old_standard_altar, portal_sewer_entry_f,
          uniq_crazy_yiuf_cottage
D:7:      layout_cave_pools, kennysheep_pointless_box, uniq_joseph,
          uniq_menkaure
D:8:      layout_basic, serial_curves, eino_curves_02, eino_curves_01,
          eino_curves_02, corexii_hall_statues_t, mrwooster_statue_mirror,
          minmay_strange_pillars
D:9:      layout_irregular_city, lemuel_zombie_altar_yredelemnul,
          lair_entry_dummy, david_orc_2, uniq_pikel, uniq_maggie
D:10:     layout_loops_ring
D:11:     lemuel_reptile_caves, layout_small_grid, fedhas_altar_fruit_tree
D:12:     layout_roguey, gammafunk_ghost_fury_of_okawaru,
          kennysheep_big_empty_room
D:13:     layout_loops_ring, ximxim_vaults_locker_room, enter_trove_2
D:14:     layout_loops_ring, eino_jars
D:15:     gammafunk_depths_entry_grave, layout_irregular_city,
          grunt_dithmenos_shadows, minmay_fire_ice_demons
Temple:   eino_temple_scatter_basement
Lair:1:   layout_regular_city, chequers_serial_rivers_micro_c, uniq_fannar
Lair:2:   layout_gridlike, nicolae_spider_entry_non_spiders
Lair:3:   layout_small_grid, elwin_shoals_entry_stream
Lair:4:   layout_hall_layers, uniq_rupert
Lair:5:   wormcave, layout_cave_shapes, minmay_slime_entry_oklob_enclosed,
          uniq_josephine
Shoals:1: layout_shoals, nicolae_shoals_pincushion_passage
Shoals:2: layout_shoals, uniq_kirke
Shoals:3: layout_shoals
Shoals:4: shoals_end_hellmonk_storm_palace [storm_palace_center_ruins,
          storm_palace_corner_grid, storm_palace_corner_pillars,
          storm_palace_corner_altar, storm_palace_corner_blocked], uniq_nikola,
          uniq_polyphemus
Spider:1: layout_spider_delve
Spider:2: layout_spider_delve, nicolae_spider_cling_halls
Spider:3: layout_chambers, nicolae_spider_wall_of_niches
Spider:4: floodkiller_spider_rune_tomb, beargit_elvish_explorers
Orc:1:    layout_diamond_mine, serial_shops, shop
Orc:2:    pf_orc_diabolical, layout_caves
Elf:1:    elf_arrival_002, layout_geoelf_grid, minmay_elf_annihilation,
          grunt_megastairs_2
Elf:2:    elven_hall_of_blades_hangedman_original
          [nicolae_blade_entry_diamond_columns], layout_onion_city, basic_altar,
          grunt_ministairs_4
Elf:3:    grunt_elf_hall_asides, layout_loops_corners, serial_shops, shop
Vaults:1: nicolae_vaults_doubleplus_tesselated, nicolae_vaults_prndl,
          nicolae_vaults_tangram_1, vaults_dpeg_diagonal, v_rooms_1,
          nicolae_vaults_stepped_doors, layout_vaults_omnigrid, uniq_donald
Vaults:2: nicolae_vaults_border_crossing, nicolae_vaults_offset_grid_hallway_3,
          nicolae_vaults_network_quincunx
          [nicolae_vaults_network_quincunx_subvault,
          nicolae_vaults_network_quincunx_subvault,
          nicolae_vaults_network_quincunx_subvault,
          nicolae_vaults_network_quincunx_subvault,
          nicolae_vaults_network_quincunx_subvault], hangedman_vaults_impose,
          nicolae_vaults_triangles, hangedman_vaults_trim,
          minmay_crypt_entry_nasty_monster,
          nicolae_vaults_shipping_containers_4, v_pattern_4,
          hangedman_vaults_snaps, nicolae_vaults_tetromino_Z_2,
          nicolae_vaults_trapezoid_1, vaults_dpeg_encased_lava,
          vaults_dpeg_emergency_exit, layout_vaults_omnicross
Vaults:3: nicolae_vaults_theta, v_misc_1, nicolae_vaults_double_plus_3,
          vaults_room_corners, nicolae_vaults_lightning_bolt,
          nicolae_vaults_little_squares_1, nicolae_vaults_angled_halls,
          nicolae_vaults_apartment_1, vaults_room_large_hall,
          nicolae_vaults_closet_pinwheel_6, nicolae_vaults_storage_room_doors,
          nicolae_vaults_surprise_closet, layout_vaults_ring
Vaults:4: gammafunk_ghost_wrathful_warriors, nicolae_vaults_circle_grid_a,
          vaults_room_grid, ontoclasm_vaults_spin, vaults_room_fours,
          serial_ice_b, nicolae_vaults_octothorpe,
          ontoclasm_vaults_loading_screen, layout_vaults_chaotic_city,
          serial_hangedman_research, hangedman_research_thanatology,
          hangedman_research_toxicology, hangedman_research_electronics,
          serial_shops, bzr_entry_customers
Vaults:5: serial_shops, uniq_jory
Crypt:1:  layout_regular_city, ebering_ghost_xom,
          grunt_crypt_arrival_guarded_gate, uniq_bai_suzhen
Crypt:2:  layout_regular_city, grunt_megastairs_1, uniq_sojobo
Crypt:3:  quadcrypt_mu
Depths:1: layout_cave_shapes, pf_vacation_house_of_asmodeus,
          nicolae_sif_muna_condensation, serial_shops, nicolae_shop_waterfront,
          minmay_three_doors, grunt_megastairs_4, uniq_saint_roka,
          uniq_asterion, uniq_enchantress
Depths:2: minmay_inner_zag, layout_gridlike, enter_ziggurat_a,
          grunt_hell_entry_dis_mu, dk_noncrumbling_3, rand_demon_pan_entry_1,
          infiniplex_staircase_star
Depths:3: wad_lake_hut, layout_basic, nicolae_ru_sacrificial_ziggurat,
          abyss_entry, hell_entry, serial_shops, bzr_entry_lakeside,
          uniq_parghit, uniq_josephina
Depths:4: grunt_twist_and_shout, layout_cave_shapes, hell_entry, abyss_entry,
          nicolae_diode_stairs, serial_bayou_shore_b
Zot:1:    layout_basic, ebering_ghost_xom
Zot:2:    nicolae_zot_stationary_front, layout_misc_corridors, st_stairs_4
Zot:3:    lemuel_firehouse, layout_onion, evilmike_ambush
          [evilmike_ambush_outer_doors, evilmike_ambush_inner_cross]
Zot:4:    layout_misc_corridors, lemuel_elevator
Zot:5:    layout_cellular_growth

Skill      XL: |  1  2  3  4  5  6  7  8  9 10 11 12 13 14 15 16 17 18 19 20 21 22 23 24 25 26 |
---------------+-------------------------------------------------------------------------------+-----
Armour         | 4 6 10 11 14 18 19 20 23 | 23.6
Shields        | 4 8 10 13 16 18 19 | 19.0
Fighting       | 4 5 6 8 10 12 14 15 17 20 21 23 25 26 27 | 27.0
Axes           | 3 5 6 7 9 11 14 16 18 19 20 23 25 27 | 27.0
Evocations     | 4 5 |  5.3
Invocations    | 5 7 9 15 20 | 20.8
Dodging        | 4 14 15 17 20 | 20.7

Action                     |  1- 3 |  4- 6 |  7- 9 | 10-12 | 13-15 | 16-18 | 19-21 | 22-24 | 25-27 || total
---------------------------+-------+-------+-------+-------+-------+-------+-------+-------+-------++-------
  Melee: War axe           |    74 |    84 |   355 |   569 |   420 |       |       |       |       ||  1502
         Headbutt          |    13 |    10 |    55 |   128 |   235 |   305 |   289 |   311 |   280 ||  1626
         Morningstar       |       |       |       |    70 |       |       |       |       |       ||    70
         Broad axe         |       |       |       |       |   600 |  1130 |  1109 |   925 |   937 ||  4701
         Demon trident     |       |       |       |       |       |       |       |    12 |       ||    12
   Fire: Sling             |       |     6 |       |       |       |       |       |       |       ||     6
 Invoke: Heroism           |       |       |       |    10 |     8 |    10 |    13 |     7 |     5 ||    53
         Finesse           |       |       |       |     6 |     6 |     5 |    10 |     6 |     9 ||    42
         Duel              |       |       |       |       |       |       |       |     1 |       ||     1
    Use: Scroll            |     1 |     8 |     4 |     9 |    14 |     6 |    10 |    10 |     8 ||    70
         Potion            |       |     4 |     6 |     8 |     1 |     4 |     6 |     3 |    27 ||    59
   Stab: Petrified         |       |       |       |       |     2 |       |       |       |       ||     2
         Distracted        |       |       |       |       |       |       |     1 |       |       ||     1
 Armour: Scale mail        |    49 |    12 |       |       |       |       |       |       |       ||    61
         Chain mail        |       |    39 |   192 |    14 |       |       |       |       |       ||   245
         Plate armour      |       |       |       |   269 |   231 |       |       |       |       ||   500
         Crystal plate arm |       |       |       |       |   314 |   644 |   465 |   641 |   531 ||  2595
         Skin              |       |       |       |       |       |       |       |       |    15 ||    15
  Dodge: Dodged            |    45 |    57 |   163 |   297 |   284 |   420 |   416 |   451 |   377 ||  2510
  Block: Buckler           |    17 |    20 |    83 |     4 |       |       |       |       |       ||   124
         Kite shield       |       |       |       |   310 |   563 |   734 |   686 |   693 |   608 ||  3594
         Reflection        |       |       |       |       |    15 |    40 |    64 |    34 |     2 ||   155

Table legend: (Time is in decaauts)
 A = Elapsed time spent in this place.
 B = Non-inter-level travel time spent in this place.
 C = Inter-level travel time spent in this place.
 D = Time resting spent in this place.
 E = Time spent auto-exploring this place.
 F = Levels seen in this place.
 G = Mean time per level.
                   A        B        C        D        E       F      G
               +--------+--------+--------+--------+--------+-----+--------+
         Total |  72817 |  67222 |   5595 |  15794 |  29403 |  57 | 1277.5 |
       Dungeon |  17138 |  14811 |   2327 |   3737 |   7770 |  15 | 1142.5 |
        Temple |    160 |    160 |      0 |      0 |    127 |   1 |  160.0 |
          Lair |   7152 |   6692 |    460 |   1685 |   3422 |   5 | 1430.4 |
        Shoals |   4122 |   3931 |    191 |    664 |   2134 |   4 | 1030.5 |
   Spider Nest |   6261 |   6002 |    259 |   1149 |   3010 |   4 | 1565.2 |
  Orcish Mines |   3721 |   3465 |    256 |   1528 |    665 |   2 | 1860.5 |
   Elven Halls |   5164 |   4854 |    310 |   1665 |   1864 |   3 | 1721.3 |
        Vaults |   8239 |   7285 |    954 |   1113 |   4261 |   5 | 1647.8 |
         Crypt |   4293 |   4164 |    129 |    555 |   1673 |   3 | 1431.0 |
        Depths |   5352 |   4750 |    602 |    654 |   2143 |   4 | 1338.0 |
           Zot |   9610 |   9506 |    104 |   2622 |   1860 |   5 | 1922.0 |
         Abyss |    569 |    569 |      0 |    332 |      0 |   2 |  284.5 |
        Bazaar |    158 |    158 |      0 |      0 |      0 |   2 |   79.0 |
         Sewer |    856 |    856 |      0 |     78 |    472 |   1 |  856.0 |
         Arena |     15 |     15 |      0 |      8 |      0 |   1 |   15.0 |
               +--------+--------+--------+--------+--------+-----+--------+

Top non-repeatable levels by time:
Vaults:4: 2585 daAuts
   Zot:2: 2485 daAuts
   Orc:2: 2394 daAuts
   Elf:2: 2189 daAuts
Spider:4: 2150 daAuts
     D:9: 2111 daAuts
   Zot:1: 2080 daAuts
    D:11: 2072 daAuts
 Crypt:3: 2052 daAuts
   Zot:5: 2051 daAuts
   Elf:3: 1984 daAuts
   Zot:3: 1880 daAuts
  Lair:2: 1678 daAuts
Spider:3: 1623 daAuts
Vaults:2: 1618 daAuts
